 Dungeon Crawl Stone Soup version 0.28-a0-1143-gcf6077d4cc (webtiles) character file.

Game seed: 2665324311827863047

291 ytrimaz the Covered (level 6, 0/49 HPs)
             Began as a Formicid Fighter on Dec 13, 2021.
             Slain by Edmund (5 damage)
             ... on level 4 of the Dungeon.
             The game lasted 00:03:52 (4239 turns).

ytrimaz the Covered (Formicid Fighter)              Turns: 4239, Time: 00:03:52

Health: 0/49       AC: 12    Str: 22    XL:     6   Next: 59%
Magic:  6/6        EV:  6    Int:  8    God:
Gold:   123        SH:  4    Dex: 10    Spells: 5/5 levels left

rFire   . . .      SeeInvis +   a - +0 war axe
rCold   . . .      Faith    .   c - +0 buckler
rNeg    . . .      Spirit   .   f - +0 plate armour
rPois   .          Reflect  .   (helmet unavailable)
rElec   .          Harm     .   (no cloak)
rCorr   .          Rampage  .   (no gloves)
Will    +....      Clarity  +   (no boots)
Stlth   ..........              (no amulet)
HPRegen 0.16/turn               b - ring of willpower
MPRegen 0.10/turn               (no ring)

@: mighty
A: permanent stasis, dig shafts and tunnels, antennae 3, four strong arms, claws
1, clarity, no potion heal 1, noise suppression
a: Dig, Shaft Self


You were on level 4 of the Dungeon.
You visited 1 branch of the dungeon, and saw 4 of its levels.

You collected 123 gold pieces.

Inventory:

Hand Weapons
 a - a +0 war axe (weapon)
Armour
 c - a +0 buckler (worn)
 f - a +0 plate armour (worn)
 k - a +0 kite shield
Jewellery
 b - a ring of willpower (left claw)
Scrolls
 g - a scroll of identify
 h - 2 scrolls of magic mapping
Potions
 e - a potion of berserk rage
 i - a potion of flight {unknown}
 j - a potion of degeneration {unknown}


   Skills:
 * Level 4.5 Fighting
 + Level 3.9 Axes
 * Level 4.9 Armour
 * Level 4.8 Shields


You had 5 spell levels left.
You didn't know any spells.
Your spell library was empty.

Dungeon Overview and Level Annotations

Branches:
Dungeon (4/15)
 Temple: D:4-7

Altars:
Ashenzari

Annotations:
D:4 Edmund


Innate Abilities, Weirdness & Mutations

You cannot be hasted, slowed, berserked, paralysed or teleported.
You can dig through walls and to a lower floor.
You have a pair of large antennae on your head. (SInv)
Your four strong arms can wield two-handed weapons with a shield.
You have sharp fingernails.
You possess an exceptional clarity of mind.
Potions are less effective at restoring your health.
You passively dampen the noise of your surroundings.


Message History

Things that are here:
a +0 club; a +0 leather armour A goblin comes into view.
It is wielding a +0 dagger.
Things that are here:
a +0 dagger; 8 poisoned darts
Okay, then.
Edmund the Younger comes into view.
He is wielding a +4 flail of distortion.
Edmund shouts!
You block the goblin's attack.
You barely miss the goblin. The goblin hits you but does no damage.
Unknown command.
You feel very mighty all of a sudden. You block the goblin's attack.
You slash the goblin!
You kill the goblin!
Edmund hits you with a +4 flail of distortion.
Space warps around you.
Things that are here:
a +0 dagger; a goblin corpse You hit Edmund.
Edmund is lightly wounded.
Edmund hits you but does no damage. Space warps horribly around you!!
You slice Edmund!!
Edmund is severely wounded.
Edmund hits you with a +4 flail of distortion!
Space warps around you.
You hit Edmund.
Edmund is severely wounded.
Edmund hits you but does no damage. Space warps around you.
* * * LOW HITPOINT WARNING * * *
You slash Edmund!
Edmund is almost dead.
You block Edmund's attack.
Edmund hits you with a +4 flail of distortion!
* * * LOW HITPOINT WARNING * * *
Unknown command.
You barely miss Edmund.
Edmund is almost dead.
Edmund hits you with a +4 flail of distortion.
You die...

...).<............... ..
#######.####.#.....#.
#.#########.####.#.......
.....................÷..#.
........................#.
........................##
.........................#
##.......############....#
.........@@.........#..÷.#
.........)..........#.....
#.....))##########.#..##.
........)....... #..##.
................ #..##.
..≈≈≈≈≈≈≈......[ #..##.
....≈≈≈≈≈≈...... #..##.
..8...._≈≈...... #..##.
....≈≈≈≈≈≈...... #..##.


You could see Edmund.

Vanquished Creatures
  A scorpion (D:3)
  An orc priest (D:2)
  An orc wizard (D:2)
  10 adders
  An adder skeleton (D:4)
  A dart slug (D:1)
  5 orcs
  4 ball pythons
  4 bats (D:3)
  8 endoplasms
  3 giant cockroaches
  7 goblins
  7 hobgoblins
  4 jackals
  6 quokkas
  3 frilled lizards
  5 kobolds
  9 rats
80 creatures vanquished.

Vanquished Creatures (others)
  3 fungi (D:1)
  A plant (D:1)
  A withered plant (D:1)
5 creatures vanquished.

Grand Total: 85 creatures vanquished

Notes
Turn   | Place    | Note
-------+----------+-------------------------------------------
     0 | D:1      | ytrimaz the Formicid Fighter began the quest for the Orb.
     0 | D:1      | Reached XP level 1. HP: 18/18 MP: 1/1
    72 | D:1      | Found a faded altar of an unknown god.
    79 | D:1      | Reached XP level 2. HP: 24/24 MP: 2/2
   595 | D:1      | Reached XP level 3. HP: 29/29 MP: 3/3
  1189 | D:2      | Reached XP level 4. HP: 37/37 MP: 4/4
  1545 | D:2      | Reached XP level 5. HP: 29/42 MP: 5/5
  1761 | D:2      | Gained mutation: You passively dampen the noise of your
                  | surroundings. [potion of mutation]
  1761 | D:2      | Gained mutation: You possess an exceptional clarity of
                  | mind. [potion of mutation]
  1761 | D:2      | Gained mutation: Potions are less effective at restoring
                  | your health. [potion of mutation]
  1761 | D:2      | Gained mutation: You have sharp fingernails. [potion of
                  | mutation]
  2914 | D:3      | Reached XP level 6. HP: 48/48 MP: 6/6
  3961 | D:4      | Found a broken altar of Ashenzari.
  4226 | D:4      | Noticed Edmund
  4239 | D:4      | Slain by Edmund

Illustrated notes

Levels and vault maps discovered:
D:1:      sevenhm_arrival_forest_fort_small_4, layout_basic,
          shapermc_ecumenical_altar_gd
D:2:      layout_basic, serial_co_window_serial, co_window_paths_a,
          co_window_corner_a, co_window_paths_a, co_window_of_opportunity_a,
          co_window_paths_a, co_window_corner_ca, co_window_broadway_b,
          co_window_cross_4, co_window_unsneaky_path_d,
          co_window_of_opportunity_c, co_window_of_opportunity_c,
          co_window_paths_e, glass_columns_a, glass_columns_a, glass_columns_b
D:3:      layout_basic
D:4:      layout_basic, mainiacjoe_overflow_catwalk, serial_undead,
          serial_undead_f, serial_undead_c, serial_undead_f, serial_undead_e,
          uniq_edmund

Skill      XL: |  1  2  3  4  5 |
---------------+----------------+-----
Shields        | 4 |  4.8
Fighting       | 4 |  4.5
Armour         | 4 |  4.9
Axes           | 3 |  3.9

Action                   |  1- 3 |  4- 6 || total
-------------------------+-------+-------++-------
Melee: War axe           |    59 |   197 ||   256
 Abil: Dig               |     2 |       ||     2
  Use: Scroll            |     1 |     6 ||     7
       Potion            |       |     4 ||     4
Armor: Scale mail        |     9 |       ||     9
       Plate armour      |    31 |   149 ||   180
Dodge: Dodged            |    22 |    67 ||    89
Block: Buckler           |    18 |    49 ||    67

Table legend: (Time is in decaauts)
 A = Elapsed time spent in this place.
 B = Non-inter-level travel time spent in this place.
 C = Inter-level travel time spent in this place.
 D = Time resting spent in this place.
 E = Time spent auto-exploring this place.
 F = Levels seen in this place.
 G = Mean time per level.
                   A        B        C        D        E       F      G
               +--------+--------+--------+--------+--------+-----+--------+
         Total |   4333 |   4240 |     93 |      0 |   3476 |   4 | 1083.2 |
       Dungeon |   4333 |   4240 |     93 |      0 |   3476 |   4 | 1083.2 |
               +--------+--------+--------+--------+--------+-----+--------+

Top non-repeatable levels by time:
     D:2: 1488 daAuts
     D:3: 1339 daAuts
     D:4: 812 daAuts
     D:1: 693 daAuts
